 Dungeon Crawl Stone Soup version 0.29-a0-824-gd827844252 (webtiles) character file.

Game seed: 1753504933006135631

410050 Pooter the Slayer (level 22, -3/222 HPs)
             Began as a Minotaur Berserker on July 7, 2022.
             Was a High Priest of Trog.
             Slain by an iron golem (16 damage)
             ... on level 2 of the Depths on July 10, 2022.
             The game lasted 07:10:53 (82783 turns).

Pooter the Slayer (Minotaur Berserker)             Turns: 82783, Time: 07:10:53

Health: -3/222     AC: 37    Str: 34    XL:     22   Next: 45%
Magic:  14/14      EV: 18    Int: 13    God:    Trog [*****.]
Gold:   3541       SH:  5    Dex: 18    Spells: 21/21 levels left

rFire   + + +      SeeInvis +   a - +8 battleaxe (venom)
rCold   + + .      Faith    .   (shield currently unavailable)
rNeg    . . .      Spirit   .   h - +10 plate armour
rPois   +          Reflect  +   P - +3 crown of Dyrovepreva {rElec Int+2 SInv}
rElec   +          Harm     .   V - scarf {repulsion}
rCorr   .          Rampage  .   e - +2 pair of gloves
Will    +....                   v - +2 pair of boots
Stlth   +.........              R - amulet of reflection
HPRegen 0.47/turn               Y - ring "Deole" {rPois rF++ Str+4 Int+6}
MPRegen 0.14/turn               F - ring of Jikikk {rF+ rC++ MP-9 Str+4}

@: on berserk cooldown, slowed, studying Maces & Flails, repel missiles, very
slow
A: horns 2, retaliatory headbutt, agile 1, high MP 1, sense surroundings 1
}: 2/15 runes: decaying, serpentine
a: Renounce Religion, Berserk, Trog's Hand, Brothers in Arms


You were on level 2 of the Depths.
You worshipped Trog.
Trog was extremely pleased with you.
You visited 9 branches of the dungeon, and saw 43 of its levels.
You also visited: Gauntlet.

You collected 8305 gold pieces.
You spent 4764 gold pieces at shops.

Inventory:

Hand Weapons
 a - a +8 battleaxe of venom (weapon)
   (You took it off a tengu warrior on level 13 of the Dungeon)
 b - a +7 arbalest of electrocution
   (You took it off an orc warrior on level 10 of the Dungeon)
 w - a +4 antimagic battleaxe
   (Trog gifted it to you on level 1 of the Elven Halls)
 X - the +11 morningstar "Kuri" {drain, rC+ Dex+2}
   (You took it off a minotaur in a Gauntlet)

   A truly terrible weapon, it drains the life of any living foe it strikes.
   Dex:       It affects your dexterity (+2).
   rC:        It protects you from cold.
Missiles
 c - 14 javelins
 d - 5 silver boomerangs
 A - 9 boomerangs (quivered)
 M - 10 curare-tipped darts
 W - 7 silver javelins
Armour
 e - a +2 pair of gloves (worn)
   (You found it on level 1 of the Dungeon)
 h - a +10 plate armour (worn)
   (You found it on level 3 of the Dungeon)
 v - a +2 pair of boots (worn)
   (You found it on level 2 of the Dungeon)
 P - the +3 crown of Dyrovepreva (worn) {rElec Int+2 SInv}
   (You acquired it on level 11 of the Dungeon)

   Int:       It affects your intelligence (+2).
   rElec:     It insulates you from electricity.
   SInv:      It lets you see invisible.
 V - a scarf of repulsion (worn)
   (You found it in a Gauntlet)
Jewellery
 C - a ring of resist corrosion
   (You found it on level 4 of the Swamp)
 F - the ring of Jikikk (right hand) {rF+ rC++ MP-9 Str+4}
   (You found it in a Gauntlet)

   [ring of protection from fire]

   Str:       It affects your strength (+4).
   rF:        It protects you from fire.
   rC:        It greatly protects you from cold.
   MP:        It affects your magic capacity (-9).
 I - the ring of Ruofiddo {rElec rC+ Str+5 SInv}
   (You found it on level 1 of the Elven Halls)

   [ring of see invisible]

   Str:       It affects your strength (+5).
   rC:        It protects you from cold.
   rElec:     It insulates you from electricity.
   SInv:      It lets you see invisible.
 R - an amulet of reflection (around neck)
   (You found it on level 1 of the Lair of Beasts)
 S - the ring of Shadows {Umbra +Inv Stlth+}
   (You found it on level 2 of the Vaults)

   [ring of stealth]

   It surrounds you with an aura of shadow, increasing your stealth and reducing
   the accuracy of all others within it.
   +Inv:      It lets you turn invisible.
   Stlth:     It makes you more stealthy.
 U - a +4 ring of evasion
   (You found it on level 2 of the Depths)
 Y - the ring "Deole" (left hand) {rPois rF++ Str+4 Int+6}
   (You bought it in a shop on level 2 of the Orcish Mines)

   [ring of intelligence]

   Str:       It affects your strength (+4).
   Int:       It affects your intelligence (+6).
   rF:        It greatly protects you from fire.
   rPois:     It protects you from poison.
Wands
 f - a wand of flame (26)
   (You found it on level 12 of the Dungeon)
 j - a wand of mindburst (7)
   (You found it on level 5 of the Dungeon)
 n - a wand of roots (32)
   (You took it off Robin on level 2 of the Dungeon)
 y - a wand of light (4)
   (You took it off Erica on level 11 of the Dungeon)
 D - a wand of digging (9)
   (You found it in a Gauntlet)
 H - a wand of charming (40)
   (You took it off an orc warrior on level 9 of the Dungeon)
 O - a wand of polymorph (11)
   (You found it on level 10 of the Dungeon)
Scrolls
 g - 2 scrolls of enchant armour
 m - 5 scrolls of immolation {!r}
 o - 8 scrolls of magic mapping
 p - 3 scrolls of summoning
 t - 13 scrolls of teleportation {@r4}
 z - 2 scrolls of silence
 E - 9 scrolls of fear
 K - 9 scrolls of poison {!r}
 L - 8 scrolls of fog
Potions
 k - 10 potions of lignification {!q}
 l - 2 potions of might
 q - 8 potions of mutation {!q}
 r - 9 potions of flight
 s - 2 potions of invisibility
 u - 17 potions of curing {@q1}
 x - 9 potions of haste {@q3}
 B - 6 potions of heal wounds {@q2}
 J - a potion of resistance
 N - 10 potions of attraction {!q}
Miscellaneous
 i - the horn of Geryon
   (You took it off Geryon in the Vestibule of Hell)
 G - a condenser vane
   (You found it on level 3 of the Swamp)
 Q - a tin of tremorstones (2/2)
   (You found it on level 3 of the Elven Halls)
 T - a box of beasts
   (You found it on level 2 of the Snake Pit)
 Z - a phantom mirror
   (You found it in a Gauntlet)


   Skills:
 + Level 23.8 Fighting
 + Level 19.0(20.1) Axes
 - Level 11.6(16.6) Maces & Flails
 - Level 18.0 Ranged Weapons
 - Level 10.0 Throwing
 + Level 15.3 Armour
 + Level 16.5 Dodging
 - Level 10.9 Stealth
 - Level 14.8 Evocations


You had 21 spell levels left.
You didn't know any spells.
Your spell library was empty.

Dungeon Overview and Level Annotations

Branches:
Dungeon (15/15)            Temple (0/1) D:6            Lair (6/6) D:8
  Swamp (4/4) Lair:4        Snake (4/4) Lair:3        Slime (0/5) Lair:5
    Orc (2/2) D:9             Elf (3/3) Orc:2        Vaults (4/5) D:13
  Crypt (0/3) Vaults:3     Depths (4/4) D:15           Hell (visited)
Gauntlet (visited)
    Dis: Hell:1         Geh: Hell:1         Coc: Hell:1         Tar: Hell:1
    Zot: Depths:4

Altars:
Dithmenos
Elyvilon
Fedhas
Kikubaaqudgha
Okawaru
Qazlal
Sif Muna
Trog
Vehumet

Shops:
D:7 *   D:8 [   D:13 [   Orc:1 *   Orc:2 *[*:*   Elf:1 =*??   Elf:2 [(?*[
Elf:3 =   Snake:2 !   Snake:3 *=:=   Vaults:1 =   Vaults:3 [   Depths:2 !

Portals:
Hell: Depths:1 Depths:2
Abyss: D:6

Annotations:
Elf:2 3 runed translucent doors


Innate Abilities, Weirdness & Mutations

You have a pair of horns on your head.
You reflexively headbutt those who attack you in melee.
You are agile. (Dex +4, Str/Int -1)
You have an increased reservoir of magic. (+10% MP)
You passively map a small area around you.


Message History

You barely miss the ice devil. You slash the hell knight!
You kill the hell knight!
Trog accepts your kill.
A freezing mist starts to gather...
A hell knight simulacrum comes into view.
The iron golem hits you but does no damage.
You block the iron golem's attack. The ice devil hits you.
* * * LOW HITPOINT WARNING * * *
The ice devil freezes you. You resist.
* * * LOW HITPOINT WARNING * * *
You slice the iron golem!!
You headbutt the iron golem, but do no damage.
You slice the ice devil!!
The iron golem hits you but does no damage. x2
The ice devil hits you but does no damage.
Unknown command.
You slice the iron golem like a ripe choko!!!
You headbutt the iron golem, but do no damage.
You slice the ice devil!!
You kill the ice devil!
Trog accepts your kill.
The iron golem hits you but does no damage.
The iron golem hits you!
* * * LOW HITPOINT WARNING * * *
The iron golem hits you but does no damage.
The iron golem closely misses you.
Unknown command.
You feel much better.
The hell knight simulacrum closely misses you.
You furiously retaliate!
You headbutt the hell knight simulacrum!
The iron golem hits you but does no damage.
The iron golem hits you!
* * * LOW HITPOINT WARNING * * *
You hit the iron golem but do no damage.
You headbutt the iron golem! You slash the hell knight simulacrum!
The hell knight simulacrum misses you. You furiously retaliate!
You headbutt the hell knight simulacrum!
The iron golem hits you but does no damage.
The iron golem barely misses you.
You slice the iron golem!!
The iron golem hits you but does no damage.
The iron golem hits you!
* * * LOW HITPOINT WARNING * * *
You feel much better. The iron golem closely misses you.
The iron golem hits you!!
* * * LOW HITPOINT WARNING * * *
The iron golem misses you. You furiously retaliate!
You headbutt the iron golem. The iron golem hits you!
You die...

, #...##..# #..#......≈.
..##.......# #..##.....≈≈
,
..#........###..##......≈
,
............##.###......≈
≈...........∩....#.......≈
,
.........).).............
,
.>.......[[.........?....
≈....................≈≈≈..
,
.......°@........≈≈≈≈≈≈≈.
≈......9........≈≈≈≈≈≈≈≈≈
, ,
≈≈......###..........≈≈≈..
,*
..........#.##......≈≈..≈
..........##.#......≈≈.≈≈
####.....###.............
##..## #.............. ,
###* ##.............
###..........#


You could see an iron golem.

Vanquished Creatures
  A dread lich (Vaults:2)
  Mennas (Vaults:3)
  Geryon (Hell)
  7 caustic shrikes
  2 golden dragons (Vaults:4)
  5 tentacled monstrosities
  4 deep elf blademasters (Elf:3)
  A lich (Depths:1)
  2 deep elf master archers (Elf:3)
  A titan (Vaults:4)
  5 sphinxes
  Frances (D:14)
  2 storm dragons
  Kirke (Lair:5)
  A tengu reaver (Depths:2)
  2 thorn hunters
  13 nagarajas (Snake:4)
  6 frost giants
  2 fenstrider witches
  5 deep elf sorcerers (Elf:3)
  2 balrugs
  12 vault wardens
  Aizul (Elf:1)
  9 fire giants
  A ghoul (Vaults:3)
  2 orc warlords
  4 deep elf elementalists
  A cacodemon (D:13)
  16 ironbound preservers
  5 stone giants
  A reaper (Hell)
  The ghost of diecastcamel the Protected, a journeyman GnWn of Okawaru (D:11)
  16 very ugly things
  3 war gargoyles
  A vampire knight (Depths:1)
  8 ironbound thunderhulks
  3 dire elephants (Vaults:1)
  2 entropy weavers
  5 deep elf demonologists
  5 deep elf annihilators
  3 bunyips
  3 eleionomae
  2 spark wasps
  The ghost of Kailexub the Peltast, a journeyman MiFi of Cheibriados (D:13)
  3 minotaurs
  A blizzard demon (Depths:2)
  3 deep elf death magi (Elf:3)
  7 ettins
  7 great orbs of eyes
  3 crystal guardians
  Josephine (D:13)
  7 fire dragons
  5 deep elf high priests
  Harold (D:10)
  4 ice dragons
  14 yaktaur captains
  2 rakshasas (Depths:1)
  The ghost of avis the Skirmisher, a journeyman DgIE (Lair:3)
  2 spriggan air magi
  3 salamander tyrants
  9 vault guards
  A boulder beetle (Vaults:1)
  2 ghost crabs
  Erolcha (Orc:1)
  4 peacekeepers
  Erica (D:11)
  4 anacondas
  2 catoblepae
  3 two-headed ogres
  19 naga warriors
  24 hydras
  13 centaur warriors
  12 ironbound frosthearts
  15 dancing weapons
  9 alligators
  6 tengu warriors
  A deep troll earth mage (Depths:2)
  A shock serpent (Snake:3)
  A hell hog (Depths:1)
  2 deep troll shamans (Depths:1)
  2 spriggan berserkers (Depths:1)
  4 orc high priests
  A titan zombie (Vaults:4)
  3 vampire magi
  6 death yaks
  9 hell knights
  14 naga sharpshooters
  5 sun demons
  2 salamander mystics
  2 soul eaters
  Amaemon (Lair:1)
  14 deep elf knights
  5 skeletal warriors
  A titan skeleton (Vaults:4)
  An iron troll (Depths:1)
  3 goliath frogs
  Lodul (D:12)
  A flayed ghost (Depths:2)
  11 deep elf archers
  39 deep trolls
  4 spriggan druids
  13 swamp dragons
  12 bog bodies
  A steelbarb worm (shapeshifter) (Elf:1)
  A tengu zombie (Vaults:4)
  7 wizards
  9 lindwurms
  14 deep elf pyromancers
  2 phantasmal warriors
  8 orc knights
  A glowing orange brain (Depths:2)
  A fenstrider witch simulacrum (Swamp:1)
  Pikel (D:7)
  14 ironbound convokers
  23 deep elf zephyrmancers
  4 necromancers
  5 naga ritualists
  3 harpies (Vaults:2)
  4 mana vipers
  39 ugly things
  4 orc sorcerers (Orc:2)
  An oklob plant (Lair:1)
  A cyclops (shapeshifter) (Elf:3)
  3 manticores
  8 salamanders
  2 cyclopes
  2 large abominations (Gauntlet)
  10 will-o-the-wisps
  8 elephants
  23 black mambas
  7 guardian serpents
  An eye of devastation (shapeshifter) (Vaults:4)
  A guardian serpent (shapeshifter) (Depths:1)
  17 naga magi
  24 vault sentinels
  An unseen horror (D:11)
  2 rime drakes (Lair:6)
  A torpor snail (Lair:5)
  An orange demon (Lair:1)
  12 cane toads
  2 kobold demonologists
  2 cane toads (shapeshifter)
  A hellion (Hell)
  4 freezing wraiths
  9 komodo dragons
  An ice devil (Depths:2)
  2 efreet
  2 spectral death drakes (Swamp:1)
  4 tengu conjurers
  25 yaktaurs
  A hellwing (Depths:1)
  2 burning bushes (Lair:6)
  A queen bee (Gauntlet)
  A hydra zombie (Hell)
  7 trolls
  2 bloated husks
  9 polar bears
  12 hornets
  9 tyrant leeches
  23 slime creatures
  4 dream sheep (Lair:4)
  A snapping turtle (shapeshifter) (Elf:1)
  A tarantella (Vaults:3)
  30 blink frogs
  A jumping spider (Vaults:4)
  4 shadows
  2 air elementals
  Sigmund (D:2)
  4 wyverns
  16 spriggans
  6 wraiths
  38 yaks
  A vampire (D:11)
  12 water elementals
  A fire elemental (Elf:3)
  7 basilisks
  A hog (Lair:5)
  A golden eye (shapeshifter) (D:13)
  4 steam dragons
  3 neqoxecs
  14 vampire mosquitoes
  A chaos spawn (Gauntlet)
  A redback (Vaults:3)
  2 death yak simulacra (Orc:2)
  A death drake simulacrum (Swamp:1)
  3 wargs
  28 nagas
  15 swamp worms
  A hydra simulacrum (Hell)
  2 hell hounds (Lair:1)
  19 water moccasins
  5 acid dragons
  A glowing shapeshifter skeleton (Vaults:1)
  19 orc warriors
  9 black bears
  2 sky beasts
  5 ice beasts
  12 swamp drakes
  28 wolves
  10 ogres
  12 centaurs
  8 small abominations
  A phantom (D:6)
  3 kobold brigands
  A gnoll sergeant (D:10)
  9 bullfrogs
  3 two-headed ogre simulacra (Orc:2)
  7 earth elementals
  8 scorpions
  2 necrophages
  2 scorpions (shapeshifter) (D:13)
  A human skeleton (Vaults:4)
  13 killer bees
  A howler monkey (shapeshifter) (D:13)
  11 electric eels
  4 howler monkeys
  2 human simulacra
  15 orc priests
  Crazy Yiuf (D:7)
  5 hounds (D:8)
  Jessica (D:2)
  9 iguanas
  Natasha (thrice) (D:3)
  29 orc wizards
  A polar bear simulacrum (Orc:2)
  3 spriggan simulacra
  A troll simulacrum (Orc:2)
  Terence (D:3)
  Robin (D:2)
  7 gnolls
  A gnoll (shapeshifter) (D:13)
  12 adders
  4 white imps
  An ufetubus (D:5)
  A worm (shapeshifter) (D:13)
  5 worms
  The ghost of xian the Sneak, a weakling DsDe (D:6)
  2 dart slugs (D:3)
  73 orcs
  4 ball pythons
  7 bats
  5 endoplasms
  2 giant cockroaches
  22 goblins
  3 hobgoblins
  6 quokkas
  7 frilled lizards
  16 kobolds
  9 rats
  A bush (Lair:1)
1566 creatures vanquished.

Vanquished Creatures (collateral kills)
  The ghost of SirDiesAlot the Fencer, a journeyman DgDe (Swamp:1)
  A spectral fenstrider witch (Swamp:1)
  3 deep elf knights (Elf:2)
  A hell knight (Depths:1)
  A spectral spriggan (Swamp:1)
  A deep elf archer (Elf:2)
  A deep elf zephyrmancer (Elf:2)
  A yaktaur (Vaults:1)
  An ogre (D:12)
11 creatures vanquished.

Vanquished Creatures (others)
  A vampire knight (Hell)
  An ice dragon (Depths:2)
  A hell knight (Depths:1)
  A deep elf knight (Elf:2)
  2 swamp dragons (Swamp:4)
  A bog body (Swamp:4)
  A slime creature (Vaults:2)
  A human (Lair:5)
  An ogre (D:12)
  A centaur (D:13)
  A butterfly (Lair:5)
  44 foxfires
  35 fungi
  62 plants
153 creatures vanquished.

Grand Total: 1730 creatures vanquished

Notes
Turn   | Place    | Note
-------+----------+-------------------------------------------
     0 | D:1      | Pooter the Minotaur Berserker began the quest for the Orb.
     0 | D:1      | Reached XP level 1. HP: 19/19 MP: 0/0
   329 | D:1      | Reached XP level 2. HP: 27/27 MP: 1/1
   519 | D:1      | Reached skill level 4 in Fighting
   970 | D:2      | Reached skill level 1 in Ranged Weapons
   970 | D:2      | Reached XP level 3. HP: 33/33 MP: 2/2
  1020 | D:2      | Found a faded altar of an unknown god.
  1491 | D:2      | Noticed Jessica
  1496 | D:2      | Killed Jessica
  1497 | D:2      | Reached skill level 5 in Axes
  1497 | D:2      | Reached XP level 4. HP: 41/41 MP: 3/3
  1783 | D:2      | Identified the +2 helmet of Gozag's Displeasure {Int+3}
  1783 | D:2      | Noticed Robin
  1784 | D:2      | Reached ** piety under Trog
  1790 | D:2      | Killed Robin
  2014 | D:2      | Noticed Sigmund
  2024 | D:2      | Killed Sigmund
  2025 | D:2      | Reached skill level 1 in Evocations
  2025 | D:2      | Reached XP level 5. HP: 47/47 MP: 4/4
  2025 | D:2      | Reached XP level 6. HP: 55/55 MP: 5/5
  2345 | D:3      | Noticed Natasha
  2359 | D:3      | Killed Natasha
  2360 | D:3      | Reached skill level 5 in Fighting
  2406 | D:3      | Noticed Terence
  2414 | D:3      | Killed Terence
  2564 | D:3      | Noticed Natasha
  2568 | D:3      | Killed Natasha
  2943 | D:3      | Noticed Natasha
  2947 | D:3      | Killed Natasha
  3193 | D:4      | Noticed a sky beast
  3209 | D:4      | Killed a sky beast
  3210 | D:4      | Reached XP level 7. HP: 57/61 MP: 6/6
  3364 | D:4      | Reached skill level 1 in Throwing
  3870 | D:4      | Reached skill level 5 in Ranged Weapons
  3922 | D:4      | Reached *** piety under Trog
  4275 | D:5      | Entered Level 5 of the Dungeon
  4321 | D:5      | Reached XP level 8. HP: 70/70 MP: 7/7
  4328 | D:5      | Reached skill level 6 in Fighting
  5498 | D:6      | Reached XP level 9. HP: 78/78 MP: 8/8
  5734 | D:6      | Found a staircase to the Ecumenical Temple.
  5899 | D:6      | Noticed a cyan ugly thing
  5908 | D:6      | Found a one-way gate to the infinite horrors of the Abyss.
  5910 | D:6      | Noticed xian's ghost (weakling DsDe)
  6065 | D:6      | Found a transporter.
  6160 | D:6      | Found a transporter.
  6241 | D:6      | Found an iron altar of Okawaru.
  6271 | D:6      | Reached skill level 7 in Fighting
  6502 | D:6      | Found a white marble altar of Elyvilon.
  7190 | D:7      | Noticed Pikel
  7202 | D:7      | Killed Pikel
  7203 | D:7      | Reached skill level 10 in Axes
  7227 | D:7      | Noticed a komodo dragon
  7234 | D:7      | Killed a komodo dragon
  7282 | D:7      | Found Jyrgh's General Store.
  7294 | D:7      | Bought a potion of might for 48 gold pieces
  7294 | D:7      | Bought a scroll of magic mapping for 42 gold pieces
  7375 | D:7      | Reached XP level 10. HP: 88/88 MP: 9/9
  7588 | D:7      | Found a runed translucent door.
  7589 | D:7      | Noticed Crazy Yiuf
  8024 | D:8      | Reached skill level 5 in Throwing
  8027 | D:8      | Reached skill level 8 in Fighting
  8175 | D:8      | Found a staircase to the Lair.
  8283 | D:8      | Found a bloodstained altar of Trog.
  8403 | D:8      | Reached skill level 5 in Evocations
  8674 | D:8      | Found Piefo Bua's Armour Shop.
  8985 | D:9      | Noticed a centaur warrior
  8993 | D:9      | Killed a centaur warrior
  9165 | D:9      | Found a staircase to the Orcish Mines.
  9172 | Orc:1    | Entered Level 1 of the Orcish Mines
  9220 | Orc:1    | Noticed Erolcha
  9320 | D:9      | Found a blossoming altar of Fedhas.
  9534 | D:9      | Reached skill level 10 in Ranged Weapons
  9722 | D:9      | Reached XP level 11. HP: 90/95 MP: 10/10
  9876 | Orc:1    | Killed Erolcha
 10210 | Orc:1    | Found Fyatum's Assorted Antiques.
 10460 | D:7      | Bought the amulet "Soppory" {Spirit SInv} for 494 gold
                  | pieces
 10560 | Orc:2    | Entered Level 2 of the Orcish Mines
 10560 | Orc:2    | Found a staircase to the Elven Halls.
 10580 | Orc:2    | Noticed an orc knight
 10670 | Orc:2    | Noticed a two-headed ogre
 10733 | D:10     | Entered Level 10 of the Dungeon
 10868 | D:10     | Noticed a two-headed ogre
 10877 | D:10     | Killed a two-headed ogre
 10878 | D:10     | Reached skill level 9 in Fighting
 11630 | D:11     | Noticed Harold
 11631 | D:11     | Noticed Sonja
 11757 | D:10     | Killed Harold
 11798 | D:11     | Noticed Sonja
 11798 | D:11     | Sonja changed into Sonja the warg
 11804 | D:11     | Killed Sonja the warg
 11871 | D:11     | Found a runed translucent door.
 11872 | D:11     | Identified a scroll of acquirement
 11872 | D:11     | Acquired the +3 crown of Dyrovepreva {rElec Int+2 SInv}
 11872 | D:11     | Found the +3 crown of Dyrovepreva {rElec Int+2 SInv}
 11880 | D:11     | Noticed diecastcamel's ghost (journeyman GnWn)
 11880 | D:11     | Identified the +10 trident of Tiakho {venom, rF- Will+++
                  | rCorr Dex-4}
 11880 | D:11     | Noticed a spriggan rider
 12001 | D:11     | Noticed a two-headed ogre
 12007 | D:11     | Killed a two-headed ogre
 12143 | D:11     | Noticed Erica
 12147 | D:11     | Killed Erica
 12266 | D:11     | Noticed a four-headed hydra
 12272 | D:11     | Killed a two-headed hydra
 12507 | D:11     | Found a runed translucent door.
 12584 | D:11     | Reached XP level 12. HP: 106/106 MP: 11/11
 12982 | D:11     | Noticed a minotaur
 12996 | D:11     | Killed a minotaur
 13369 | Lair:1   | Entered Level 1 of the Lair of Beasts
 13402 | Lair:1   | Reached skill level 10 in Fighting
 13484 | Lair:1   | Found a gate leading to a gauntlet.
 13492 | Gauntlet | Entered a Gauntlet
 13492 | Gauntlet | Found a transporter.
 13513 | Gauntlet | Found a runed translucent door.
 13515 | Gauntlet | Found a transporter.
 13517 | Gauntlet | Found a transporter.
 13525 | Gauntlet | Found a transporter.
 13553 | Gauntlet | Found the +2 hat of the Bear Spirit {Spirit, *Rage Will++}
 13649 | Gauntlet | Found a transporter.
 13664 | Gauntlet | Identified the ring of Jikikk {rF+ rC++ MP-9 Str+4}
 13699 | Gauntlet | Found a transporter.
 13988 | Gauntlet | Found a transporter.
 13998 | Gauntlet | Identified the +11 morningstar "Kuri" {drain, rC+ Dex+2}
 13998 | Gauntlet | Noticed a minotaur
 14024 | Gauntlet | Killed a minotaur
 15127 | Lair:1   | Noticed Amaemon
 15134 | Lair:1   | Killed Amaemon
 15992 | Lair:2   | Reached XP level 13. HP: 115/115 MP: 3/12
 16084 | Lair:2   | Reached skill level 11 in Fighting
 16297 | Lair:2   | Reached skill level 15 in Axes
 16630 | Lair:2   | Reached **** piety under Trog
 17216 | Lair:3   | Noticed a minotaur
 17217 | Lair:3   | Noticed avis's ghost (journeyman DgIE)
 17710 | Lair:3   | Found a staircase to the Snake Pit.
 18039 | Lair:3   | Found a runed translucent gate.
 18039 | Lair:3   | Found a runed translucent gate.
 18039 | Lair:3   | Found a runed translucent gate.
 18183 | Lair:3   | Identified the +10 rapier of Grace {drain, rF++ rC- Str+5}
 18336 | Lair:3   | Killed a minotaur
 18352 | Lair:3   | Killed avis's ghost
 19265 | Lair:4   | Found a staircase to the Swamp.
 20143 | Lair:5   | Reached XP level 14. HP: 92/125 MP: 4/13
 20173 | Lair:5   | Reached skill level 12 in Fighting
 20353 | Lair:5   | Noticed Kirke
 20365 | Lair:5   | Killed Kirke
 20759 | Lair:5   | Found a staircase to the Slime Pits.
 21028 | Lair:6   | Entered Level 6 of the Lair of Beasts
 21590 | Lair:6   | Reached skill level 15 in Ranged Weapons
 22112 | Lair:6   | Reached skill level 1 in Maces & Flails
 23667 | D:12     | Gained mutation: You expend magic power (3 MP) to
                  | strengthen your wands. [potion of mutation]
 23667 | D:12     | Gained mutation: You are strong-willed. (Will+) [potion of
                  | mutation]
 23668 | D:12     | Lost mutation: You expend magic power (3 MP) to strengthen
                  | your wands. [potion of mutation]
 23668 | D:12     | Lost mutation: You are strong-willed. (Will+) [potion of
                  | mutation]
 23668 | D:12     | Gained mutation: You are weak. (Str -2) [potion of
                  | mutation]
 23669 | D:12     | Lost mutation: You are weak. (Str -2) [potion of mutation]
 23669 | D:12     | Gained mutation: Your spells are a little harder to cast,
                  | but a little more powerful. [potion of mutation]
 23669 | D:12     | Gained mutation: You possess an exceptional clarity of
                  | mind. [potion of mutation]
 24312 | D:12     | Noticed Lodul
 24316 | D:12     | Killed Lodul
 24515 | D:12     | Reached skill level 10 in Throwing
 25069 | D:13     | Noticed Josephine
 25085 | D:13     | Killed Josephine
 25312 | D:13     | Noticed an ironbound preserver
 25631 | D:13     | Killed an ironbound preserver
 25632 | D:13     | Reached skill level 5 in Maces & Flails
 25632 | D:13     | Reached XP level 15. HP: 117/134 MP: 5/14
 25744 | D:13     | Found a runed translucent gate.
 25744 | D:13     | Found a runed translucent gate.
 25745 | D:13     | Found a runed translucent gate.
 25781 | D:13     | Reached skill level 13 in Fighting
 25910 | D:13     | Found Kelyj's Armour Emporium.
 26215 | D:13     | Found a gate to the Vaults.
 26469 | D:13     | Found a runed translucent gate.
 26469 | D:13     | Found a runed translucent gate.
 26472 | D:13     | Noticed Kailexub's ghost (journeyman MiFi)
 26475 | D:13     | Found a runed translucent gate.
 26487 | D:13     | Gained mutation: Armour fits poorly on your strangely
                  | shaped body. [a cacodemon]
 26489 | D:13     | Gained mutation: You occasionally shout uncontrollably at
                  | your foes. [a neqoxec]
 26489 | D:13     | Gained mutation: Your body sometimes deteriorates upon
                  | taking damage. [a neqoxec]
 26494 | D:13     | Lost mutation: You possess an exceptional clarity of mind.
                  | [a neqoxec]
 26498 | D:13     | Killed Kailexub's ghost
 26631 | D:14     | Noticed Frances
 26645 | D:14     | Killed Frances
 27575 | D:15     | Entered Level 15 of the Dungeon
 28190 | D:15     | Found a staircase to the Depths.
 28265 | D:15     | Acquired the ring "Daitoaj" {rPois rF+++ Will- MP+9 Dex-2}
 29017 | Orc:2    | Reached skill level 10 in Evocations
 29078 | Orc:2    | Found Rozxadil's Assorted Antiques.
 29403 | Orc:2    | Found a shimmering blue altar of Sif Muna.
 29707 | Orc:2    | Bought a translucent glass ring for 150 gold pieces
 29707 | Orc:2    | Identified the ring "Deole" {rPois rF++ Str+4 Int+6} (You
                  | bought it in a shop on level 2 of the Orcish Mines)
 29707 | Orc:2    | Bought a scroll of enchant weapon for 225 gold pieces
 29707 | Orc:2    | Bought a runed coral ring for 150 gold pieces
 29707 | Orc:2    | Bought a wand of mindburst (8) for 120 gold pieces
 30181 | Orc:2    | Paralysed by an orc sorcerer for 2 turns
 30388 | Orc:2    | Found Hudiome's Armour Boutique.
 30398 | Orc:2    | Found Xoduekop's Book Shoppe.
 30427 | Orc:2    | Found Zoirats's General Store.
 30429 | Orc:2    | Found Tetiaduil's General Store.
 30435 | Orc:2    | Bought 3 scrolls of blinking for 337 gold pieces
 30435 | Orc:2    | Bought a scroll of blinking for 112 gold pieces
 30438 | Orc:2    | Bought a scroll of fog for 22 gold pieces
 30438 | Orc:2    | Bought a scroll of magic mapping for 38 gold pieces
 30460 | Orc:2    | Upgraded the game from 0.29-a0-821-g66395355a5 to
                  | 0.29-a0-823-gc37b1572da
 30643 | Snake:1  | Entered Level 1 of the Snake Pit
 32063 | Snake:2  | Found Wirghouh's Distillery.
 32071 | Snake:2  | Bought a potion of curing for 42 gold pieces
 32071 | Snake:2  | Bought a potion of invisibility for 112 gold pieces
 32071 | Snake:2  | Bought 2 potions of mutation for 224 gold pieces
 32100 | Snake:2  | Reached skill level 14 in Fighting
 32369 | Snake:2  | Reached XP level 16. HP: 134/146 MP: 6/15
 32554 | Snake:2  | Noticed a tentacled monstrosity
 32565 | Snake:2  | Killed a tentacled monstrosity
 32680 | Snake:2  | Noticed a thorn hunter
 32689 | Snake:2  | Killed a thorn hunter
 32690 | Snake:2  | Reached skill level 10 in Maces & Flails
 32706 | Snake:2  | Noticed a tentacled monstrosity
 32719 | Snake:2  | Killed a tentacled monstrosity
 36094 | Snake:3  | Identified the +11 falchion "Imaesel" {vorpal, Dex+3}
 36113 | Snake:3  | Found Syseasugyo's Assorted Antiques.
 36246 | Snake:3  | Reached skill level 1 in Stealth
 36455 | Snake:3  | Found Gikucuo's Jewellery Emporium.
 36455 | Snake:3  | Found Mimneth's Book Boutique.
 36456 | Snake:3  | Found Secaep's Jewellery Emporium.
 36666 | Snake:4  | Entered Level 4 of the Snake Pit
 36671 | Snake:4  | Found a shadowy altar of Dithmenos.
 40668 | Snake:4  | Reached skill level 15 in Fighting
 40931 | Snake:4  | Reached XP level 17. HP: 131/156 MP: 7/16
 41203 | Snake:4  | Reached ***** piety under Trog
 42160 | Snake:4  | Identified the +10 quarterstaff of Homeff {vorpal, Int+2}
 42321 | Snake:4  | Got a serpentine rune of Zot
 42378 | Snake:4  | Reached skill level 5 in Armour
 42417 | Snake:4  | Reached skill level 5 in Dodging
 44136 | Snake:4  | Upgraded the game from 0.29-a0-823-gc37b1572da to
                  | 0.29-a0-824-gd827844252
 44371 | Swamp:1  | Entered Level 1 of the Swamp
 44786 | Swamp:1  | Found a runed translucent gate.
 44788 | Swamp:1  | Found a runed translucent gate.
 44796 | Swamp:1  | Found a runed translucent gate.
 44802 | Swamp:1  | Noticed SirDiesAlot's ghost (journeyman DgDe)
 44851 | Swamp:1  | Killed SirDiesAlot's ghost
 46553 | Swamp:2  | Reached skill level 5 in Stealth
 47167 | Swamp:2  | Reached skill level 16 in Fighting
 47470 | Swamp:2  | Noticed a tentacled monstrosity
 47477 | Swamp:2  | Killed a tentacled monstrosity
 48301 | Swamp:3  | HP: 6/136 [alligator (4)]
 49451 | Swamp:4  | Entered Level 4 of the Swamp
 49983 | Swamp:3  | Reached XP level 18. HP: 161/161 MP: 8/17
 50168 | Swamp:3  | Reached skill level 17 in Fighting
 51710 | Swamp:4  | Got a decaying rune of Zot
 52466 | D:6      | Killed xian's ghost
 52647 | D:7      | Killed Crazy Yiuf
 52873 | D:11     | Killed diecastcamel's ghost
 53538 | Elf:1    | Entered Level 1 of the Elven Halls
 53602 | Elf:1    | Found a radiant altar of Vehumet.
 53783 | Elf:1    | Noticed Aizul
 53796 | Elf:1    | Killed Aizul
 53802 | Elf:1    | Received a gift from Trog
 53803 | Elf:1    | Reached skill level 18 in Fighting
 55063 | Elf:1    | Reached skill level 10 in Armour
 55072 | Elf:1    | Identified the ring of Ruofiddo {rElec rC+ Str+5 SInv}
 55285 | Elf:1    | Found Leimp's Magic Scroll Boutique.
 55285 | Elf:1    | Found Boclac's General Store.
 55286 | Elf:1    | Found Zitomemihi's Jewellery Shop.
 55288 | Elf:1    | Found Deavip's Magic Scroll Boutique.
 55305 | Elf:1    | Bought a scroll of acquirement for 676 gold pieces
 55305 | Elf:1    | Acquired 1168 gold pieces
 55313 | Elf:1    | Bought a scroll of acquirement for 832 gold pieces
 55313 | Elf:1    | Acquired 561 gold pieces
 55318 | Elf:1    | Bought a scroll of brand weapon for 300 gold pieces
 55799 | Elf:2    | Found Kommuuh's Armour Boutique.
 55841 | Elf:2    | Received a gift from Trog
 56077 | Elf:2    | Paralysed by an air elemental for 1 turns
 56079 | Elf:2    | Paralysed by an air elemental for 1 turns
 56415 | Elf:2    | Reached skill level 19 in Fighting
 56549 | Elf:2    | Found Huroixto's Weapon Boutique.
 56675 | Elf:2    | Reached skill level 10 in Dodging
 56693 | Elf:2    | Found a runed translucent gate.
 56694 | Elf:2    | Found a runed translucent gate.
 56694 | Elf:2    | Found a runed translucent gate.
 56717 | Elf:2    | Found Esme's Magic Scroll Emporium.
 56731 | Elf:2    | Found Quohagess's Assorted Antiques.
 56802 | Elf:2    | Bought a potion of curing for 87 gold pieces
 56805 | Elf:2    | Found a shimmering blue altar of Sif Muna.
 56820 | Elf:2    | Found Etaza's Armour Emporium.
 57308 | Elf:3    | Entered Level 3 of the Elven Halls
 57479 | Elf:3    | Found Iffong's Jewellery Shoppe.
 57532 | Elf:3    | Reached XP level 19. HP: 164/183 MP: 6/18
 57935 | Elf:3    | Identified the +5 mace "Beastslayer" {drain, Will+ Int+8}
 63018 | Elf:3    | Identified the +8 hand axe "Tabie" {pain, Str+4}
 64298 | Elf:3    | Identified the +6 hand axe "Transmigrator" {vamp, Fly rElec
                  | Dex-4}
 64307 | Elf:3    | Noticed a Brimstone Fiend
 64954 | Elf:3    | Reached skill level 20 in Fighting
 66324 | Elf:3    | Identified the +8 battleaxe of Untimely Demise {antimagic,
                  | Drain Dex+5}
 66387 | Elf:3    | Identified the +7 great mace "Utokyq" {pain, rF+ Int-4
                  | SInv}
 67057 | Elf:3    | Identified the +1 chain mail of Weightlessness {Str+2}
 67840 | Vaults:1 | Entered Level 1 of the Vaults
 68814 | Vaults:1 | Lost mutation: Your spells are a little harder to cast, but
                  | a little more powerful. [potion of mutation]
 68814 | Vaults:1 | Lost mutation: Armour fits poorly on your strangely shaped
                  | body. [potion of mutation]
 68814 | Vaults:1 | Gained mutation: You expend magic power (3 MP) to
                  | strengthen your wands. [potion of mutation]
 68815 | Vaults:1 | Lost mutation: You expend magic power (3 MP) to strengthen
                  | your wands. [potion of mutation]
 68815 | Vaults:1 | Lost mutation: Your body sometimes deteriorates upon taking
                  | damage. [potion of mutation]
 68815 | Vaults:1 | Gained mutation: You have large cloven feet. [potion of
                  | mutation]
 68815 | Vaults:1 | Gained mutation: Your mind is acute. (Int +4, Str/Dex -1)
                  | [potion of mutation]
 68815 | Vaults:1 | Gained mutation: You are clumsy. (Dex -2) [potion of
                  | mutation]
 68815 | Vaults:1 | Gained mutation: You have hidden genetic potential. [potion
                  | of mutation]
 68816 | Vaults:1 | Lost mutation: You have hidden genetic potential. [potion
                  | of mutation]
 68816 | Vaults:1 | Lost mutation: You have large cloven feet. [potion of
                  | mutation]
 68816 | Vaults:1 | Gained mutation: Your spells are a little easier to cast,
                  | but a little less powerful. [potion of mutation]
 68816 | Vaults:1 | Gained mutation: Your body sometimes deteriorates upon
                  | taking damage. [potion of mutation]
 68816 | Vaults:1 | Gained mutation: You have sharp toenails. [potion of
                  | mutation]
 68817 | Vaults:1 | Lost mutation: You occasionally shout uncontrollably at
                  | your foes. [potion of mutation]
 68817 | Vaults:1 | Lost mutation: You are clumsy. (Dex -2) [potion of
                  | mutation]
 68817 | Vaults:1 | Lost mutation: Your body sometimes deteriorates upon taking
                  | damage. [potion of mutation]
 68817 | Vaults:1 | Gained mutation: You sometimes lose your temper in combat.
                  | [potion of mutation]
 68817 | Vaults:1 | Gained mutation: You have an increased reservoir of magic.
                  | (+10% MP) [potion of mutation]
 68818 | Vaults:1 | Lost mutation: Your mind is acute. (Int +4, Str/Dex -1)
                  | [potion of mutation]
 68818 | Vaults:1 | Lost mutation: You have sharp toenails. [potion of
                  | mutation]
 68818 | Vaults:1 | Gained mutation: A frigid envelope surrounds you and
                  | freezes all who hurt you. [potion of mutation]
 68819 | Vaults:1 | Lost mutation: You sometimes lose your temper in combat.
                  | [potion of mutation]
 68819 | Vaults:1 | Lost mutation: A frigid envelope surrounds you and freezes
                  | all who hurt you. [potion of mutation]
 68819 | Vaults:1 | Lost mutation: Your spells are a little easier to cast, but
                  | a little less powerful. [potion of mutation]
 68819 | Vaults:1 | Gained mutation: You passively map a small area around you.
                  | [potion of mutation]
 68819 | Vaults:1 | Gained mutation: You are agile. (Dex +4, Str/Int -1)
                  | [potion of mutation]
 68845 | Vaults:1 | HP: 3/162 [vault sentinel/+0 war axe (13)]
 70681 | Vaults:1 | Found Yrchuane's Jewellery Shoppe.
 70999 | Vaults:2 | Found a huge runed gate.
 70999 | Vaults:2 | Found a huge runed gate.
 70999 | Vaults:2 | Found a huge runed gate.
 70999 | Vaults:2 | Found a huge runed gate.
 70999 | Vaults:2 | Found a huge runed gate.
 71000 | Vaults:2 | Found a huge runed gate.
 71000 | Vaults:2 | Found a huge runed gate.
 71000 | Vaults:2 | Found a huge runed gate.
 71000 | Vaults:2 | Found a huge runed gate.
 71000 | Vaults:2 | Found a huge runed gate.
 71001 | Vaults:2 | Found a huge runed gate.
 71002 | Vaults:2 | Found a huge runed gate.
 71003 | Vaults:2 | Found a huge runed gate.
 71004 | Vaults:2 | Found a huge runed gate.
 71005 | Vaults:2 | Found a huge runed gate.
 71013 | Vaults:2 | Found a huge runed gate.
 71013 | Vaults:2 | Found a huge runed gate.
 71013 | Vaults:2 | Found a huge runed gate.
 71013 | Vaults:2 | Found a huge runed gate.
 71013 | Vaults:2 | Found a huge runed gate.
 71013 | Vaults:2 | Found a huge runed gate.
 71014 | Vaults:2 | Found a huge runed gate.
 71015 | Vaults:2 | Found a huge runed gate.
 71016 | Vaults:2 | Found a huge runed gate.
 71409 | Vaults:2 | Reached skill level 10 in Stealth
 71491 | Vaults:2 | Reached skill level 21 in Fighting
 71845 | Vaults:2 | Reached XP level 20. HP: 198/198 MP: 21/21
 71933 | Vaults:2 | Identified the +0 rapier of a Thousand Ships {vorpal, rN+
                  | Will+ Str+4}
 72545 | Vaults:2 | Received a gift from Trog
 72942 | Vaults:2 | Found a huge runed gate.
 72942 | Vaults:2 | Found a huge runed gate.
 72942 | Vaults:2 | Found a huge runed gate.
 72942 | Vaults:2 | Found a huge runed gate.
 72942 | Vaults:2 | Found a huge runed gate.
 72942 | Vaults:2 | Found a huge runed gate.
 72943 | Vaults:2 | Found a huge runed gate.
 72944 | Vaults:2 | Found a huge runed gate.
 72945 | Vaults:2 | Found a huge runed gate.
 72953 | Vaults:2 | Found a huge runed gate.
 72953 | Vaults:2 | Found a huge runed gate.
 72953 | Vaults:2 | Found a huge runed gate.
 73163 | Vaults:2 | Found the ring of Shadows {Umbra +Inv Stlth+}
 73163 | Vaults:2 | Noticed a dread lich
 73172 | Vaults:2 | Killed a dread lich
 73422 | Vaults:3 | Found a staircase to the Crypt.
 74548 | Vaults:3 | Noticed Mennas
 74605 | Vaults:3 | Killed Mennas
 75306 | Vaults:3 | Reached skill level 22 in Fighting
 76550 | Vaults:3 | Found Xadewik's Antique Armour Boutique.
 76982 | Vaults:3 | Received a gift from Trog
 77488 | Vaults:4 | Reached XP level 21. HP: 202/209 MP: 13/22
 78636 | Vaults:4 | Found a huge runed gate.
 78636 | Vaults:4 | Found a huge runed gate.
 78636 | Vaults:4 | Found a huge runed gate.
 78636 | Vaults:4 | Found a huge runed gate.
 78637 | Vaults:4 | Found a huge runed gate.
 78637 | Vaults:4 | Found a huge runed gate.
 78637 | Vaults:4 | Found a huge runed gate.
 78637 | Vaults:4 | Found a huge runed gate.
 78638 | Vaults:4 | Found a huge runed gate.
 78638 | Vaults:4 | Found a huge runed gate.
 78638 | Vaults:4 | Found a huge runed gate.
 78638 | Vaults:4 | Found a huge runed gate.
 78638 | Vaults:4 | Found a huge runed gate.
 78639 | Vaults:4 | Found a huge runed gate.
 78640 | Vaults:4 | Found a huge runed gate.
 78641 | Vaults:4 | Found a huge runed gate.
 78642 | Vaults:4 | Found a huge runed gate.
 78650 | Vaults:4 | Found a huge runed gate.
 78650 | Vaults:4 | Found a huge runed gate.
 78650 | Vaults:4 | Found a huge runed gate.
 78650 | Vaults:4 | Found a huge runed gate.
 78650 | Vaults:4 | Found a huge runed gate.
 78650 | Vaults:4 | Found a huge runed gate.
 78651 | Vaults:4 | Found a huge runed gate.
 78652 | Vaults:4 | Found a huge runed gate.
 78653 | Vaults:4 | Found a huge runed gate.
 78661 | Vaults:4 | Found a huge runed gate.
 78661 | Vaults:4 | Found a huge runed gate.
 78661 | Vaults:4 | Found a huge runed gate.
 78661 | Vaults:4 | Found a huge runed gate.
 78661 | Vaults:4 | Found a huge runed gate.
 78661 | Vaults:4 | Found a huge runed gate.
 78662 | Vaults:4 | Found a huge runed gate.
 78663 | Vaults:4 | Found a huge runed gate.
 78664 | Vaults:4 | Found a huge runed gate.
 78905 | Vaults:4 | Found a huge runed gate.
 78950 | Vaults:4 | Noticed a golden dragon
 78950 | Vaults:4 | Noticed a golden dragon
 78956 | Vaults:4 | Killed a golden dragon
 78956 | Vaults:4 | Killed a golden dragon
 78957 | Vaults:4 | Reached skill level 15 in Dodging
 79278 | Depths:1 | Entered Level 1 of the Depths
 79292 | Depths:1 | Found an ancient bone altar of Kikubaaqudgha.
 79546 | Depths:1 | Found a stormy altar of Qazlal.
 79822 | Depths:1 | Reached skill level 23 in Fighting
 80110 | Depths:1 | Found a gateway to Hell.
 80458 | Depths:2 | Noticed a caustic shrike
 80462 | Depths:2 | Noticed a caustic shrike
 80462 | Depths:2 | Noticed a caustic shrike
 80462 | Depths:2 | Noticed a caustic shrike
 80462 | Depths:2 | Noticed a caustic shrike
 80463 | Depths:2 | Noticed a caustic shrike
 80463 | Depths:2 | Noticed a caustic shrike
 80661 | Depths:2 | Received a gift from Trog
 80662 | Depths:2 | Killed a caustic shrike
 80665 | Depths:2 | Killed a caustic shrike
 80668 | Depths:2 | Killed a caustic shrike
 80672 | Depths:2 | Killed a caustic shrike
 80673 | Depths:2 | Killed a caustic shrike
 80680 | Depths:2 | Reached XP level 22. HP: 220/220 MP: 14/23
 80685 | Depths:1 | Killed a caustic shrike
 80954 | Depths:1 | Killed a caustic shrike
 81398 | Depths:2 | Identified the +6 quarterstaff of the Vase {flame, Drain
                  | rElec rF+ rN+++}
 81665 | Depths:2 | Received a gift from Trog
 81726 | Depths:2 | You fall into a shaft and drop 2 floors!
 81726 | Depths:4 | Entered Level 4 of the Depths
 81831 | Depths:2 | Reached skill level 15 in Armour
 81952 | Depths:2 | Found Huemuw's Distillery.
 81997 | Depths:2 | Bought a potion of heal wounds for 85 gold pieces
 81997 | Depths:2 | Bought a potion of curing for 51 gold pieces
 81997 | Depths:2 | Bought 2 potions of haste for 340 gold pieces
 82300 | Elf:1    | Bought a scroll of magic mapping for 52 gold pieces
 82300 | Elf:1    | Bought a scroll of magic mapping for 52 gold pieces
 82300 | Elf:1    | Bought a scroll of magic mapping for 52 gold pieces
 82303 | Elf:1    | Bought a scroll of magic mapping for 56 gold pieces
 82309 | Elf:1    | Bought a potion of heal wounds for 65 gold pieces
 82658 | Depths:2 | Identified the +5 hand axe "Cideeg" {holy, rN+ Str+6 Dex-4}
 82695 | Hell     | Entered the Vestibule of Hell
 82695 | Hell     | Noticed Geryon
 82711 | Hell     | Killed Geryon
 82783 | Depths:2 | Slain by an iron golem

Illustrated notes

Levels and vault maps discovered:
D:1:      lightli_arrival_maybe_door_vault, layout_loops_ring
D:2:      layout_basic, shapermc_ecumenical_altar_pompeii, uniq_jessica,
          uniq_robin, uniq_sigmund
D:3:      layout_loops_ring, grunt_ministairs_2, minmay_misc_feat_five,
          palyth_stone_intersect, minmay_fractal_squares_5, uniq_terence,
          uniq_natasha
D:4:      layout_basic
D:5:      layout_loops_ring, minmay_chambers_of_fives
D:6:      layout_loops_ring, mainiacjoe_overflow_chevrons,
          mainiacjoe_overflow_alcove_2, minmay_temple_entry_from_below_a,
          gammafunk_ghost_abyssal_escape
D:7:      minmay_cornered_nines, layout_rooms, serial_shops, shop_fountains,
          minmay_lizard_king, uniq_pikel, uniq_crazy_yiuf_cottage
D:8:      layout_basic, trog_ov_bears_minmay, erik_lair_island, serial_shops,
          shop, mrwooster_statue_mirror
D:9:      layout_rooms, fedhas_altar_2, orc_0_dummy
D:10:     layout_roguey
D:11:     dreamdust_labyrinth, layout_basic, ebering_ghost_funeral_grove,
          uniq_erica, uniq_harold, uniq_sonja
D:12:     layout_grid_maze, uniq_lodul
D:13:     layout_loops_ring, skrybe_vaults_entry_preservation, serial_shops,
          shop_fountains, ploomutoo_gammafunk_ghost_potion_laboratory,
          uniq_josephine
D:14:     layout_roguey, kennysheep_small_spiral, uniq_frances
D:15:     grunt_enter_depths_hoard, layout_cave_pools, nrook_mini_backslash
Lair:1:   hellmonk_destroyed_diamonds, layout_cave_pods, gauntlet_entry_generic,
          enter_volcano_3, minmay_lair_oklob_bushes, ldierk_geyser, uniq_amaemon
Lair:2:   beast_lair_carwin_large_1, layout_gridlike
Lair:3:   layout_cave_pods, minmay_snake_entry_guardpost_small,
          maelrawn_ghost_gauntlet_escape, nicolae_lair_lindhole
Lair:4:   layout_cave_pods, swamp_mist_pool, guppyfry_lair_drakes
Lair:5:   layout_concentric_octagons, slime_entry_1, lemuel_fruit_fields,
          uniq_kirke
Lair:6:   guppyfry_lair_end_dragon, layout_hall_layers, evilmike_ambush
          [evilmike_ambush_outer_corners, evilmike_ambush_inner_pond],
          grunt_megastairs_2
Swamp:1:  nicolae_swamp_standing_stones, layout_basic_swamp,
          gammafunk_ghost_necromancy, evilmike_swamp_ruin_house_1
Swamp:2:  layout_basic_swamp, evilmike_swamp_ruin_rubble_2,
          infiniplex_staircase_pool
Swamp:3:  layout_basic_swamp, evilmike_swamp_ruin_house_5
Swamp:4:  grunt_swamp_rune_castle, layout_basic_swamp, swamp_pool3
Snake:1:  layout_grid_shapes, nicolae_triple_integral
Snake:2:  onia_ninara_swampy_vault, layout_rooms, serial_shops,
          nicolae_shop_hallway_plus, grunt_megastairs_5
Snake:3:  layout_rooms, serial_shops, shop, minmay_shop_grove
Snake:4:  grunt_snake_rune_spirals, layout_onion_interference, basic_altar
Orc:1:    layout_diamond_mine, serial_shops, nicolae_shop_statue_plus,
          uniq_erolcha
Orc:2:    st_orc_elflike, layout_caves, serial_shops, nicolae_shop_waterfront,
          portal_ice_cave_entry_ice_simulacra, led_sif_book
Elf:1:    eino_elf_arrival_altar, layout_loops_corners,
          kennysheep_underground_church, minmay_shoptagon, uniq_aizul
Elf:2:    nicolae_elf_blades_crystal_corner, layout_geoelf_grid, basic_altar,
          serial_shops, nicolae_shop_temple_entry_statues_fountains,
          nicolae_shop_window_shopping, nicolae_diamond_shop,
          nicolae_shop_crystal, nicolae_shop_stone, minivault_28
Elf:3:    minmay_elf_hall_circle, layout_geoelf_castle, serial_shops, shop
Vaults:1: nicolae_vaults_an_arrangement, nicolae_vaults_shelves_hall,
          vaults_room_pools, hangedman_vaults_snaps,
          nicolae_vaults_windows_and_doors_thing, v_misc_30,
          grunt_vaults_funnel, vaults_room_hallway, nicolae_vaults_alarming,
          grunt_vaults_focal, nicolae_vaults_little_squares_1, v_misc_4,
          layout_vaults_omnibox, serial_shops, nicolae_square_shop
Vaults:2: ontoclasm_vaults_ring_small, nicolae_vaults_what_the_h, door_vault,
          v_rooms_1, vaults_room_pool, dpeg_vaults_monster_box,
          ontoclasm_vaults_eye, hangedman_vaults_stagger,
          nicolae_vaults_little_squares_4, grunt_vaults_twisty,
          layout_vaults_omnigrid
Vaults:3: minmay_crypt_entry_simple_round, dpeg_vaults_pockets_of_resistance,
          nicolae_vaults_specimen_jars, hangedman_vaults_trim,
          nicolae_vaults_network_star, v_misc_26, nicolae_vaults_three_branches,
          v_rooms_4, nicolae_vaults_little_squares_6, hangedman_vaults_impose,
          v_alt_pattern_6, layout_vaults_ring, serial_shops,
          nicolae_shop_behind_doors, uniq_mennas
Vaults:4: vaults_room_fancy_cross, vaults_room_semicircle,
          hangedman_vaults_restitches, vaults_room_grunt_arrival_ludios,
          v_alt_pattern_6, vaults_mumra_hex, door_vault, v_misc_17,
          layout_vaults_maze_bifur
Depths:1: layout_roguey, hellmouth_1, grunt_qazlal_clouds, drop_trap,
          kiku_gazebo_pond_becter
Depths:2: grunt_crosshair, layout_cave_pools, enter_ziggurat_d,
          hangedman_decor_opposing, serial_shops, shop, rand_demon_pan_entry_7,
          hell_entry, okawaru_gym_becter
Depths:3: minmay_the_grid_ultimate [minmay_the_grid_prize_four_corners,
          minmay_the_grid_prize_shrinking_boxes, minmay_the_grid_prize_big_room,
          minmay_the_grid_prize_four_corners_diamond_a,
          minmay_the_grid_square_5x5_meh, minmay_the_grid_square_5x5_two,
          minmay_the_grid_square_5x5_n_small,
          minmay_the_grid_square_5x5_longway, minmay_the_grid_square_5x5_forky,
          minmay_the_grid_square_5x5_bite, minmay_the_grid_square_5x5_corner,
          minmay_the_grid_square_5x5_v,
          minmay_the_grid_square_5x5_checkered_sparse,
          minmay_the_grid_square_5x5_dogpile, minmay_the_grid_square_5x5_spiral,
          minmay_the_grid_square_5x5_n, minmay_the_grid_square_5x5_trominoes,
          minmay_the_grid_square_5x5_beaten_path,
          minmay_the_grid_square_5x5_inner_z,
          minmay_the_grid_triangle_9x9_steps,
          minmay_the_grid_triangle_9x9_corrupted_corridor,
          minmay_the_grid_triangle_9x9_alien,
          minmay_the_grid_triangle_9x9_windchime,
          minmay_the_grid_triangle_9x9_empty,
          minmay_the_grid_triangle_9x9_wacky_v,
          minmay_the_grid_triangle_9x9_cache,
          minmay_the_grid_triangle_9x9_negative_grid,
          minmay_the_grid_triangle_9x9_flanged_cone,
          minmay_the_grid_triangle_9x9_impossible_snake,
          minmay_the_grid_triangle_9x9_empty,
          minmay_the_grid_triangle_9x9_minimal,
          minmay_the_grid_triangle_9x9_limited_checkers,
          minmay_the_grid_triangle_9x9_descending_squares,
          minmay_the_grid_triangle_9x9_intruding_spiral,
          minmay_the_grid_triangle_9x9_subtriangle,
          minmay_the_grid_square_5x5_broken_cross,
          minmay_the_grid_octo_tetromino_candy, minmay_the_grid_octo_77,
          minmay_the_grid_octo_fan_narrow, minmay_the_grid_octo_shrine,
          minmay_the_grid_octo_clover, minmay_the_grid_octo_vomiting_pacman,
          minmay_the_grid_octo_clover_2, minmay_the_grid_octo_thin_diamonds,
          minmay_the_grid_doors, minmay_the_grid_minigrid_small,
          minmay_the_grid_diamond_grid, minmay_the_grid_all_tris], hell_entry,
          abyss_entry
Depths:4: grunt_zot_entry_funnels, layout_gridlike,
          minmay_misc_feat_secret_circle, grunt_hell_entry_dis_grunt,
          rand_demon_pan_entry_1
Hell

Skill      XL: |  1  2  3  4  5  6  7  8  9 10 11 12 13 14 15 16 17 18 19 20 21 22 |
---------------+-------------------------------------------------------------------+-----
Axes           | 4 5 6 7 8 10 11 13 14 16 17 18 19 | 19.0
Fighting       | 4 5 6 7 8 9 10 11 12 14 15 16 19 21 22 23 | 23.8
Ranged Weapons | 1 2 3 4 5 6 8 10 11 13 14 15 17 18 | 18.0
Evocations     | 1 2 3 4 5 6 7 8 9 10 11 13 14 | 14.8
Throwing       | 2 3 4 5 6 8 9 10 | 10.0
Maces & Flails | 5 9 11 | 11.6
Stealth        | 3 6 8 10 | 10.9
Dodging        | 4 7 10 12 14 15 16 | 16.5
Armour         | 4 8 11 12 14 15 | 15.3

Action                   |  1- 3 |  4- 6 |  7- 9 | 10-12 | 13-15 | 16-18 | 19-21 | 22-24 || total
-------------------------+-------+-------+-------+-------+-------+-------+-------+-------++-------
Melee: Hand axe          |    47 |    27 |       |       |       |       |       |       ||    74
       Headbutt          |     5 |    10 |    48 |   108 |   175 |   144 |   262 |    56 ||   808
       Halberd           |       |   108 |   252 |       |       |       |       |       ||   360
       Morningstar       |       |       |    31 |   118 |   744 |   539 |       |       ||  1432
       Punch             |       |       |     1 |     9 |     7 |     6 |       |       ||    23
       War axe           |       |       |     1 |   373 |       |       |       |       ||   374
       Scimitar          |       |       |       |     2 |       |       |       |       ||     2
       Battleaxe         |       |       |       |       |     7 |   209 |   884 |   198 ||  1298
 Fire: Sling             |    42 |    30 |    16 |       |       |       |       |       ||    88
       Shortbow          |       |       |     4 |   103 |       |       |       |       ||   107
       Arbalest          |       |       |       |    36 |   360 |   775 |   317 |    36 ||  1524
Throw: Javelin           |     6 |     3 |       |     5 |    25 |    16 |     5 |       ||    60
       Boomerang         |       |     1 |    17 |     1 |     5 |    31 |    48 |     2 ||   105
       Dart              |       |       |       |       |    46 |       |     3 |       ||    49
Invok: Berserk           |     1 |     5 |    13 |    23 |    17 |    10 |     8 |     2 ||    79
       Trog's Hand       |       |     1 |    15 |    29 |    27 |    26 |    45 |     9 ||   152
       Brothers in Arms  |       |       |       |       |       |     2 |       |       ||     2
Evoke: Wand              |       |     1 |     1 |    20 |    10 |    41 |    27 |     1 ||   101
       Condenser vane    |       |       |       |       |       |     1 |     4 |       ||     5
       Box of beasts     |       |       |       |       |       |     1 |     2 |       ||     3
       Tin of tremorston |       |       |       |       |       |       |    11 |       ||    11
  Use: Scroll            |     3 |     3 |    10 |    15 |    26 |    17 |    17 |     3 ||    94
       Potion            |       |       |     2 |     3 |    10 |    11 |    20 |     3 ||    49
 Stab: Invisible         |       |       |       |     3 |       |     3 |     5 |       ||    11
       Betrayed ally     |       |       |       |       |       |     1 |     1 |       ||     2
       Distracted        |       |       |       |       |       |       |     1 |       ||     1
Armor: Animal skin       |    15 |       |       |       |       |       |       |       ||    15
       Ring mail         |       |    35 |       |       |       |       |       |       ||    35
       Chain mail        |       |    21 |       |       |       |       |       |       ||    21
       Plate armour      |       |    17 |   258 |   480 |   624 |   567 |   514 |   162 ||  2622
Dodge: Dodged            |    30 |    68 |   106 |   227 |   521 |   428 |   568 |   209 ||  2157
       Repelled          |       |       |       |       |    15 |    56 |    14 |     6 ||    91
Block: Other             |       |       |       |    12 |   256 |   205 |   193 |    57 ||   723
       Reflection        |       |       |       |       |    11 |    19 |    24 |       ||    54

Table legend: (Time is in decaauts)
 A = Elapsed time spent in this place.
 B = Non-inter-level travel time spent in this place.
 C = Inter-level travel time spent in this place.
 D = Time resting spent in this place.
 E = Time spent auto-exploring this place.
 F = Levels seen in this place.
 G = Mean time per level.
                   A        B        C        D        E       F      G
               +--------+--------+--------+--------+--------+-----+--------+
         Total |  83615 |  78869 |   4746 |  34680 |  31540 |  44 | 1900.3 |
       Dungeon |  20717 |  18317 |   2400 |   4007 |  10972 |  15 | 1381.1 |
          Lair |   9795 |   9201 |    594 |   2089 |   5520 |   6 | 1632.5 |
         Swamp |   7948 |   7719 |    229 |   3907 |   2709 |   4 | 1987.0 |
     Snake Pit |  13730 |  13499 |    231 |   8648 |   3045 |   4 | 3432.5 |
  Orcish Mines |   2610 |   2195 |    415 |    534 |   1147 |   2 | 1305.0 |
   Elven Halls |  14390 |  13990 |    400 |   9617 |   2436 |   3 | 4796.7 |
        Vaults |  10631 |  10303 |    328 |   4157 |   4622 |   4 | 2657.8 |
        Depths |   2973 |   2829 |    144 |   1147 |   1087 |   4 |  743.2 |
          Hell |     31 |     31 |      0 |      0 |      0 |   1 |   31.0 |
      Gauntlet |    784 |    784 |      0 |    571 |      0 |   1 |  784.0 |
               +--------+--------+--------+--------+--------+-----+--------+

Top non-repeatable levels by time:
   Elf:3: 10460 daAuts
 Snake:4: 7122 daAuts
Vaults:3: 3308 daAuts
Vaults:2: 3183 daAuts
 Snake:2: 3087 daAuts
Vaults:1: 2588 daAuts
 Swamp:1: 2507 daAuts
   Elf:1: 2395 daAuts
Depths:1: 2163 daAuts
    D:12: 2110 daAuts
    D:11: 2025 daAuts
 Swamp:3: 1904 daAuts
 Snake:1: 1898 daAuts
     D:6: 1871 daAuts
 Swamp:4: 1862 daAuts
